 Dungeon Crawl Stone Soup version 0.30.1-9-gdf580d7c3d (webtiles) character file.

Game seed: 15270877791648426787

24 bearlyready the Chopper (level 3, 0/30 HPs)
             Began as a Hill Orc Reaver on Oct 11, 2023.
             Slain by Sigmund
             ... wielding a +0 scythe
              (10 damage)
             ... on level 2 of the Dungeon.
             The game lasted 00:01:18 (873 turns).

bearlyready the Chopper (Hill Orc Reaver)            Turns: 873, Time: 00:01:19

Health: 0/30       AC:  3    Str: 16    XL:     3   Next: 2%
Magic:  5/5        EV: 11    Int: 13    God:
Gold:   33         SH:  0    Dex:  9    Spells: 4/5 levels left

rFire   . . .        a - +0 hand axe
rCold   . . .        (no shield)
rNeg    . . .        b - +0 leather armour
rPois   .            (no helmet)
rElec   .            (no cloak)
rCorr   .            (no gloves)
SInv    .            (no boots)
Will    .....        (no amulet)
Stlth   +            (no ring)
HPRegen 0.25/turn    (no ring)
MPRegen 0.09/turn

%: no passive effects
@: no status effects
A: no striking features
a: no special abilities


You were on level 2 of the Dungeon.
You visited 1 branch of the dungeon, and saw 2 of its levels.

You collected 33 gold pieces.

Inventory:

Hand Weapons
 a - a +0 hand axe (weapon)
Armour
 b - a +0 leather armour (worn)
Jewellery
 c - a ring of positive energy
Scrolls
 f - a scroll of noise {unknown}
 g - a scroll of identify {unknown}
Potions
 d - a potion of haste {unknown}
 e - a potion of attraction {unknown}


   Skills:
 - Level 2.4 Fighting
 + Level 5.4 Axes
 - Level 1.5 Dodging
 - Level 1.5 Spellcasting
 - Level 3.0 Conjurations


You had 4 spell levels left.
You knew the following spells:

 Your Spells              Type           Power      Damage    Failure   Level
a - Kiss of Death         Conj/Necr      16%        2d6       19%         1

Your spell library contained the following spells:

 Spells                   Type           Power      Damage    Failure   Level
 Momentum Strike          Conj/Tloc      8%         3d8       26%         2
 Hailstorm                Conj/Ice       4%         3d4       47%         3


Dungeon Overview and Level Annotations

Branches:
Dungeon (2/15)

Altars:

Annotations:
D:2 Sigmund


Message History

The dart slug closely misses you.
You hit the dart slug.
The dart slug is moderately wounded.
You hit the dart slug.
The dart slug is heavily wounded.
The dart slug bites you but does no damage.
You hit the dart slug.
The dart slug is almost dead.
The dart slug bites you.
You hit the dart slug but do no damage. You punch the dart slug.
You kill the dart slug!
You have reached level 3!
Your experience leads to an increase in your attributes!
Increase (S)trength, (I)ntelligence, or (D)exterity?
You feel stronger. x2
Sigmund the Dreaded comes into view.
He is wielding a +0 scythe.
Sigmund shouts!
Sigmund is nearby!
Sigmund is nearby!
Sigmund smiles chillingly.
A dart slug comes into view.
Sigmund hits you with a +0 scythe.
You closely miss Sigmund. You closely miss Sigmund. Sigmund misses you.
You closely miss Sigmund.
Sigmund casts a spell.
Sigmund flickers and vanishes!
Deactivating autopickup; reactivate with Ctrl-A.
The dart slug launches a dart at you.
The slug dart hits something.
You barely miss something. Something hits you!
You hit something. You closely miss something. Something hits you.
You completely miss something.
You hear some strange, mumbled words.
A puff of flame appears from out of thin air!
The puff of flame hits you.
* * * LOW HITPOINT WARNING * * *
You hit something. Something hits you!
You die...

...# ... ###
..##### ..
.......
#.#.....##
#..w.....#
######.{.......
.......@.......
######).....$..
#....<...# #.#
#........# #.#
#..#...#.# #.#
#####..##### #
#.# #......#
#.# #.##...#
#.# #.##.......


You could see a dart slug.

Vanquished Creatures
  A dart slug (D:2)
  4 bats (D:1)
  3 endoplasms (D:1)
  A hobgoblin (D:1)
  A quokka (D:1)
  7 ball pythons (D:1)
  3 frilled lizards (D:1)
  A goblin (D:1)
  A kobold (D:1)
  2 rats (D:1)
24 creatures vanquished.

Notes
Turn   | Place    | Note
-------+----------+-------------------------------------------
     0 | D:1      | bearlyready the Hill Orc Reaver began the quest for the
                  | Orb.
     0 | D:1      | Reached XP level 1. HP: 18/18 MP: 3/3
   166 | D:1      | Reached XP level 2. HP: 17/25 MP: 4/4
   257 | D:1      | Found a faded altar of an unknown god.
   351 | D:1      | Reached skill level 5 in Axes
   862 | D:2      | Reached XP level 3. HP: 30/30 MP: 5/5
   862 | D:2      | Noticed Sigmund
   873 | D:2      | Slain by Sigmund

Illustrated notes

Levels and vault maps discovered:
D:1:      erik_arrival_triangle_small, layout_loops_ring,
          dreamdust_ecumenical_altar_hidden_monk_grotto
D:2:      layout_loops_ring, roderic_filled_cross, uniq_sigmund

Skill      XL: |  1  2 |
---------------+-------+-----
Axes           | 5 |  5.4
Fighting       | |  2.4
Dodging        | |  1.5
Spellcasting   | |  1.5
Conjurations   | |  3.0

Action                     || total
---------------------------++-------
  Melee: Hand axe          ||    88
         Punch             ||     2
 Armour: Leather armour    ||    24
  Dodge: Dodged            ||    51
